 Dungeon Crawl Stone Soup version 0.30-a0-358-g0d69a1922f (webtiles) character file.

Game seed: 15676955438509897884

36 mopl the Ducker (level 3, 0/18 HPs)
             Began as a Spriggan Transmuter on Nov 10, 2022.
             Slain by an adder (1 damage)
             ... on level 1 of the Dungeon.
             The game lasted 00:02:04 (792 turns).

mopl the Ducker (Spriggan Transmuter)                Turns: 792, Time: 00:02:04

Health: 0/18       AC:  2    Str:  8    XL:     3   Next: 19%
Magic:  8/8        EV: 17    Int: 14    God:
Gold:   25         SH:  0    Dex: 15    Spells: 2/8 levels left

rFire   . . .      SeeInvis +      - Unarmed
rCold   . . .      Faith    .    (no shield)
rNeg    . . .      Spirit   .    a - +0 robe
rPois   .          Reflect  .    (helmet currently unavailable)
rElec   .          Harm     .    (no cloak)
rCorr   .          Rampage  .    (gloves unavailable)
Will    .....                    (boots unavailable)
Stlth   +.........               (no amulet)
HPRegen 0.23/turn                (no ring)
MPRegen 0.11/turn                (no ring)

@: lethally poisoned (0 -> -6), appendages (expiring), wereblooded, very quick
A: horns 2, talons 2, very small, no large weapons, unfitting armour, see
invisible, speed 3
a: End Transformation


You were on level 1 of the Dungeon.
You had temporarily grown beastly horns and talons.
You visited 1 branch of the dungeon, and saw 2 of its levels.

You collected 25 gold pieces.

Inventory:

Armour
 a - a +0 robe (worn)
 e - a +0 buckler
Scrolls
 f - a scroll of identify {unknown}
 g - a scroll of amnesia {unknown}
 h - 2 scrolls of teleportation {unknown}
 i - a scroll of enchant weapon {unknown}
Potions
 b - 2 potions of lignification {!q}
 d - a potion of curing {unknown}


   Skills:
 + Level 1.1 Fighting
 + Level 3.2 Dodging
 * Level 2.8 Unarmed Combat
 + Level 3.1 Spellcasting
 + Level 3.1 Transmutations
 + Level 0.0 Poison Magic


You had 2 spell levels left.
You knew the following spells:

 Your Spells              Type           Power      Damage    Failure   Level
a - Beastly Appendage     Tmut           20%        N/A       6%          1
b - Spider Form           Tmut/Pois      6%         N/A       32%         3
w - Wereblood             Tmut           10%        N/A       9%          2

Your spell library contained the following spells:

 Spells                   Type           Power      Damage    Failure   Level
 Ice Form                 Ice/Tmut       6%         N/A       73%         4


Dungeon Overview and Level Annotations

Branches:
Dungeon (2/15)

Altars:

Annotations:
D:2 Robin


Innate Abilities, Weirdness & Mutations

You have temporarily grown beastly horns and talons.
You are very small and have problems with some larger weapons.
You are too small for most types of armour.
You have supernaturally acute eyesight. (SInv)
You cover ground extremely quickly. (Speed+++)


Message History

b - Wereblood Adjust to which letter? w - Wereblood This spell is astonishingly dangerous to cast!
Memorise Spider Form, consuming 3 spell levels and leaving 2?
You start memorising the spell.
You continue memorising. x3
You finish memorising.
Spell assigned to 'b'.
Things that are here:
a +0 club; a goblin corpse
There is a stone staircase leading down here.
Casting: Beastly Appendage (safe; 6% risk of failure)
Confirm with . or Enter, or press ? or * to list all spells.
Your blood is infused with primal strength.
Casting: Wereblood (safe; 9% risk of failure)
Confirm with . or Enter, or press ? or * to list all spells.
You extend your transformation's duration.
You climb downwards.
Level annotation: Robin The hobgoblin shouts!
The goblin shouts!
The adder completely misses you. The goblin barely misses you.
A goblin comes into view. It is wielding a +0 club.
The goblin closely misses you. The adder misses you.
There is a stone staircase leading up here.
The goblin barely misses you. The goblin hits you with a +0 club.
The adder bites you.
You are poisoned.
The adder poisons you! The worm misses you.
You climb upwards.
Your transformation is almost over.
You feel very sick.
There is a stone staircase leading down here.
The adder completely misses you. The goblin hits you with a +0 dagger.
You feel sick. The adder bites you.
* * * LOW HITPOINT WARNING * * *
You are more poisoned.
The adder poisons you!
It was a potion of magic.
Magic courses through your body.
* * * LOW HITPOINT WARNING * * *
You feel sick. The adder bites you.
You die...

#.##.#.#.#.## #.# #.#.##.######
#.##.#..###.####.###.........÷..
#.##.###.#.............##.######
#.#.#.###...####.#####.##.#
#.##..###...# #.# #.##.#
#.##...##...# #.#####.##.#
#.##...##...# ##.......##.#
#...........# #...####.##.#
#...........# #@#.# #.##.#####
##........#†###gS.# #.##.#...##
###...##.....)g.#####.##..###.#
#...####.....w......##..# #..
##.## ######.#########.###.# #†#
#.# ##...## #.# #.# ##...# #.#
#.# #...> #.# ####.#### #...#


You could see a worm, an adder and 2 goblins.

Vanquished Creatures
  3 giant cockroaches (D:1)
  A goblin (D:1)
  7 hobgoblins (D:1)
  2 jackals (D:1)
  A kobold (D:1)
  A quokka (D:1)
  5 ball pythons (D:1)
  5 bats (D:1)
  4 frilled lizards (D:1)
  3 rats (D:1)
32 creatures vanquished.

Notes
Turn   | Place    | Note
-------+----------+-------------------------------------------
     0 | D:1      | mopl the Spriggan Transmuter began the quest for the Orb.
     0 | D:1      | Reached XP level 1. HP: 9/9 MP: 5/5
   104 | D:1      | Found a faded altar of an unknown god.
   107 | D:1      | Reached XP level 2. HP: 14/14 MP: 4/6
   113 | D:1      | Reached skill level 1 in Fighting
   163 | D:1      | Reached skill level 3 in Spellcasting
   174 | D:1      | Reached skill level 3 in Dodging
   197 | D:1      | Reached skill level 3 in Transmutations
   481 | D:1      | Reached XP level 3. HP: 12/18 MP: 8/8
   745 | D:2      | Noticed Robin
   777 | D:1      | Learned a level 2 spell: Wereblood
   781 | D:1      | Learned a level 3 spell: Spider Form
   792 | D:1      | Slain by an adder

Illustrated notes

Levels and vault maps discovered:
D:1:      ncdulo_watergridlock, layout_loops_ring,
          shapermc_ecumenical_altar_starsandcircs
D:2:      layout_rooms, nrook_mini_vaults, chequers_serial_rivers_micro_e,
          minivault_11, uniq_robin

Skill      XL: |  1  2 |
---------------+-------+-----
Fighting       | 1 |  1.1
Spellcasting   | 3 |  3.1
Dodging        | 3 |  3.2
Transmutations | 3 |  3.1
Unarmed Combat | |  2.8

Action                   || total
-------------------------++-------
Melee: Unarmed           ||    86
       Headbutt          ||    16
       Kick              ||    17
 Cast: Beastly Appendage ||    23
       Wereblood         ||     1
  Use: Potion            ||     1
 Stab: Sleeping          ||     1
Armor: Robe              ||    12
Dodge: Dodged            ||    83

Table legend: (Time is in decaauts)
 A = Elapsed time spent in this place.
 B = Non-inter-level travel time spent in this place.
 C = Inter-level travel time spent in this place.
 D = Time resting spent in this place.
 E = Time spent auto-exploring this place.
 F = Levels seen in this place.
 G = Mean time per level.
                   A        B        C        D        E       F      G
               +--------+--------+--------+--------+--------+-----+--------+
         Total |    550 |    534 |     16 |     49 |    289 |   2 |  275.0 |
       Dungeon |    550 |    534 |     16 |     49 |    289 |   2 |  275.0 |
               +--------+--------+--------+--------+--------+-----+--------+

Top non-repeatable levels by time:
     D:1: 539 daAuts
     D:2: 10 daAuts
